 Dungeon Sprint DCSS version 0.31-a0-844-gdc52ec4e09 (webtiles) character file.

Game seed: 1476190854375283137

161 sircluck the Ruffian (level 5, -14/59 HPs)
             Began as a Troll Berserker on Sept 29, 2023.
             Was a Follower of Trog.
             Killed from afar by a rime drake (25 damage)
             ... with an icy flash freeze
             ... in the Dungeon (Sprint VII: "The Pits").
             The game lasted 00:00:12 (34 turns).

sircluck the Ruffian (Troll Berserker)                Turns: 34, Time: 00:00:13

Health: -14/59     AC:  4    Str: 27    XL:     5   Next: 19%
Magic:  4/4        EV: 11    Int:  3    God:    Trog [*.....]
Gold:   0          SH:  0    Dex:  9    Spells: 4/4 levels left

rFire   . .          .
                       - Unarmed
rCold   . . .        (no shield)
rNeg    . . .        a - +0 animal skin
rPois   .            (helmet restricted)
rElec   .            (no cloak)
rCorr   .            (gloves unavailable)
SInv    .            (boots unavailable)
Will    .....        (no amulet)
Stlth   +            (no ring)
HPRegen 1.09/turn    (no ring)
MPRegen 0.09/turn

%: no teleportation
@: on berserk cooldown, slowed, very slow
A: large, unfitting armour, claws 3, regeneration 1, shaggy fur 1, tough skin 1
a: Renounce Religion, Berserk


You were in the Dungeon.
You worshipped Trog.
Trog was aware of your devotion.
You visited 1 branch

Inventory:

Armour
 a - a +0 animal skin (worn)
Scrolls
 g - a scroll of blinking
Potions
 b - a potion of curing
 c - a potion of heal wounds
 d - a potion of haste
 e - 2 potions of magic
 f - a potion of berserk rage


   Skills:
 + Level 5.6 Fighting
 + Level 5.6 Dodging
 + Level 6.7 Unarmed Combat


You had 4 spell levels left.
You didn't know any spells.
Your spell library was empty.

Dungeon Overview and Level Annotations

Branches:
Dungeon (1/1)

Altars:


Innate Abilities, Weirdness & Mutations

You are too large for most types of armour.
You have claws for hands.
Your natural rate of healing is unusually fast.
You are covered in fur. (AC +1)
You have tough skin. (AC +1)


Message History

The wolf is severely wounded.
The wolf barely misses you. The wolf bites you!
You miss the wolf.
The wolf is severely wounded.
The wolf bites you but does no damage.
You barely miss the wolf.
The wolf is severely wounded.
The wolf bites you.
You barely miss the wolf.
The wolf is severely wounded.
A rime drake comes into view.
The wolf bites you!
* * * LOW HITPOINT WARNING * * *
You scratch the wolf.
The wolf is almost dead.
The wolf barely misses you. The rime drake breathes ice at you.
The icy flash freeze hits you!
* * * LOW HITPOINT WARNING * * *
You are encased in ice.
You barely miss the wolf.
The wolf is almost dead.
The wolf closely misses you.
You mangle the wolf!!
You kill the wolf!
Trog accepts your kill.
You are no longer berserk.
You are exhausted.
You feel yourself slow down.
Your Fighting skill increases to level 5!
Your Dodging skill increases to level 5!
Your Unarmed Combat skill increases to level 6!
You have reached level 5!
Unknown command.
Unknown command.
The ice encasing you melts away.
A wolf comes into view.
The rime drake breathes ice at you. The icy flash freeze hits you!!
You die...

##########++######
#................#
#......#..#......#
#................+
+.......k........+
#.....@#..#......#
#................#
####'#####h'######
#.......##''#
#.......##..#
#.......##h.#
#...<...##..#
#.......##.h#
#.......##.Y#


You could see a rime drake (catching breath) and a wolf (wandering).

Vanquished Creatures
  2 wolves (D)
2 creatures vanquished.

Notes
Turn   | Place    | Note
-------+----------+-------------------------------------------
     0 | D        | sircluck the Troll Berserker began the quest for the Orb.
     0 | D        | Reached XP level 1. HP: 22/22 MP: 0/0
    11 | D        | Noticed a wolf
    13 | D        | Noticed a wolf
    14 | D        | Noticed a sky beast
    21 | D        | Killed a wolf
    22 | D        | Reached skill level 5 in Unarmed Combat
    22 | D        | Reached XP level 2. HP: 33/33 MP: 1/1
    22 | D        | Reached XP level 3. HP: 40/40 MP: 2/2
    22 | D        | Reached XP level 4. HP: 49/49 MP: 3/3
    30 | D        | Noticed a rime drake
    33 | D        | Killed a wolf
    34 | D        | Reached skill level 5 in Fighting
    34 | D        | Reached skill level 5 in Dodging
    34 | D        | Reached skill level 6 in Unarmed Combat
    34 | D        | Reached XP level 5. HP: 9/59 MP: 4/4
    34 | D        | Noticed a wolf
    34 | D        | Killed from afar by a rime drake

Illustrated notes

Levels and vault maps discovered:
D:        pitsprint [storerooms_1, entrance_room_1, metal_vault_3, armoury_3,
          mini_pit_1, grid_room_1, main_hall_1, silver_pit, the_coven_1,
          the_vestibule_1, steel_vault_5, golden_pit, hallway_of_sentries,
          crystal_vault_2, iron_vault_5, final_vault]

Skill      XL: |  1  2  3  4 |
---------------+-------------+-----
Fighting       | 4 5 |  5.6
Dodging        | 4 5 |  5.6
Unarmed Combat | 5 6 |  6.7

Action                     |  1- 3 |  4- 6 || total
---------------------------+-------+-------++-------
  Melee: Unarmed           |     4 |    12 ||    16
 Invoke: Berserk           |     1 |       ||     1
 Armour: Animal skin       |     3 |     9 ||    12
  Dodge: Dodged            |     4 |     5 ||     9

Table legend: (Time is in decaauts)
 A = Elapsed time spent in this place.
 B = Non-inter-level travel time spent in this place.
 C = Inter-level travel time spent in this place.
 D = Time resting spent in this place.
 E = Time spent auto-exploring this place.
 F = Levels seen in this place.
 G = Mean time per level.
                   A        B        C        D        E       F      G
               +--------+--------+--------+--------+--------+-----+--------+
         Total |     28 |     28 |      0 |      0 |     11 |   1 |   28.0 |
       Dungeon |     28 |     28 |      0 |      0 |     11 |   1 |   28.0 |
               +--------+--------+--------+--------+--------+-----+--------+

Top non-repeatable levels by time:
       D: 28 daAuts
